 Seeded DCSS version 0.30.1-6-gbe392663c4 (webtiles) character file.

Game seed: 15660985446129201502 (custom seed)

744 AccursedSamuel the Chopper (level 7, 0/44 HPs)
             Began as a Tengu Monk on Sept 21, 2023.
             Slain by Edmund
             ... wielding a +2 heavy dire flail
              (10 damage)
             ... on level 5 of the Dungeon.
             The game lasted 00:05:29 (4311 turns).

AccursedSamuel the Chopper (Tengu Monk)             Turns: 4311, Time: 00:05:29

Health: 0/44       AC:  2    Str: 13      XL:     7   Next: 76%
Magic:  8/8        EV: 16    Int: 11      God:
Gold:   331        SH:  0    Dex: 15 (16) Spells: 6/6 levels left

rFire   . . .        e - +9 war axe "Rizoul" {holy, rN+ Will++}
rCold   . . .        (no shield)
rNeg    + . .        b - +0 robe
rPois   .            (helmet restricted)
rElec   .            (no cloak)
rCorr   .            (no gloves)
SInv    .            (boots unavailable)
Will    ++...        (no amulet)
Stlth   ++           (no ring)
HPRegen 0.27/turn    (no ring)
MPRegen 0.11/turn

%: no passive effects
@: flying quickly and evasively, quick
A: beak, talons 3, nimble flight
a: no special abilities


You were on level 5 of the Dungeon.
You visited 1 branch of the dungeon, and saw 5 of its levels.

You collected 331 gold pieces.

Inventory:

Hand Weapons
 e - the +9 war axe "Rizoul" (weapon) {holy, rN+ Will++}
   (You acquired it on level 1 of the Dungeon)

   rN:        It protects you from negative energy.
   Will:      It greatly increases your willpower.
Armour
 b - a +0 robe (worn)
 d - an orb of light
Jewellery
 o - a +4 ring of protection
Wands
 t - a wand of iceblast (2)
Scrolls
 a - 7 scrolls of teleportation {unknown}
 g - a scroll of enchant armour {unknown}
 h - a scroll of noise {unknown}
 j - a scroll of immolation {unknown}
 l - 2 scrolls of identify {unknown}
 q - a scroll of fog {unknown}
 r - 2 scrolls of blinking {unknown}
 s - a scroll of torment {unknown}
Potions
 c - a potion of ambrosia
 f - a potion of curing {unknown}
 i - a potion of degeneration {unknown}
 k - a potion of attraction {unknown}
 m - a potion of heal wounds {unknown}
 n - 2 potions of magic {unknown}
 p - a potion of flight {unknown}
 u - 2 potions of lignification {unknown}
 v - a potion of brilliance {unknown}


   Skills:
 + Level 4.8 Fighting
 + Level 7.7 Axes
 + Level 4.6 Dodging
 + Level 2.1 Stealth


You had 6 spell levels left.
You didn't know any spells.
Your spell library contained the following spells:

 Spells                   Type           Power      Damage    Failure   Level
 Cigotuvi's Dreadful Rot  Necr/Pois/Air  0%         N/A       47%         2
 Lesser Beckoning         Tloc           0%         N/A       47%         2
 Gell's Gravitas          Tloc           0%         N/A       71%         3
 Ignite Poison            Fire/Tmut/Pois 0%         N/A       71%         3
 Teleport Other           Tloc           0%         N/A       71%         3
 Dispel Undead            Necr           0%         3d6       98%         4
 Sticky Flame             Conj/Fire      0%         2d3       98%         4
 Death Channel            Necr           0%         N/A       100%        6
 Ignition                 Fire           0%         3d3       100%        8


Dungeon Overview and Level Annotations

Branches:
Dungeon (5/15)
 Temple: D:4-7

Altars:
Elyvilon
Wu Jian

Annotations:
D:2 1 runed translucent door, Crazy Yiuf
D:5 Edmund


Innate Abilities, Weirdness & Mutations

You have a beak for a mouth.
You have claws for feet.
Your magical nature lets you fly swiftly and evasively.


Message History

You slice the ufetubus!!
You kill the ufetubus!
A shadow imp comes into view.
You see here 7 gold pieces.
The shadow imp shouts!
You slash the shadow imp!
The shadow imp convulses!
You kill the shadow imp!
You now have 328 gold pieces (gained 7).
u - 2 green potions (gained 1)
You now have 331 gold pieces (gained 3).
v - a pink potion
Found a stone staircase leading up.
Found a trident.
Edmund the Younger comes into view.
He is wielding a +2 heavy dire flail and wearing a +2 chain mail of cold resistance.
Edmund is nearby!
Found a viscous emerald potion.
Found a scroll labelled GEUSOIM ZAGAC.
Edmund shouts!
Edmund misses you.
You barely miss Edmund. You claw Edmund.
Edmund is lightly wounded.
Edmund hits you with a +2 heavy dire flail!!
You hit Edmund. You peck Edmund, but do no damage.
Edmund is lightly wounded.
Edmund completely misses you.
You closely miss Edmund. Your kick misses Edmund. Your peck misses Edmund.
Edmund is lightly wounded.
You completely miss Edmund. Your kick misses Edmund.
You punch Edmund, but do no damage.
Edmund is lightly wounded.
Edmund hits you with a +2 heavy dire flail!
You hit Edmund but do no damage. You claw Edmund.
You peck Edmund, but do no damage.
Edmund is lightly wounded.
Edmund hits you with a +2 heavy dire flail!
* * * LOW HITPOINT WARNING * * *
You barely miss Edmund. Your kick misses Edmund.
Edmund is lightly wounded.
Edmund hits you with a +2 heavy dire flail!
You die...

...... ##..## #.
.............##>..# #.
.............#...# #.
................# #.
...............# #.
...............### ##.
.................## #..
.......@..........####..
.......@.......##...##..
....!..........###......
#.......!......# ###....
#..............)# ##...
##?.............# ##..
#..............# #..
#.P..........<### #..
#.≈≈..##......# #.# ##.#


You could see Edmund.

Vanquished Creatures
  Sigmund (D:4)
  A scorpion (D:4)
  A hound (D:4)
  3 quasits (D:5)
  3 orc priests
  2 iguanas
  Jessica (D:2)
  A sleepcap (D:5)
  Ijyb (D:4)
  3 adders
  2 shadow imps (D:5)
  A white imp (D:5)
  4 ufetubi
  A worm (D:4)
  4 dart slugs
  9 orcs
  9 endoplasms
  2 giant cockroaches (D:2)
  8 goblins
  9 hobgoblins
  6 kobolds
  6 quokkas
  6 ball pythons
  3 bats
  7 frilled lizards
  8 rats
  A spectral kobold (D:2)
103 creatures vanquished.

Notes
Turn   | Place    | Note
-------+----------+-------------------------------------------
     0 | D:1      | AccursedSamuel the Tengu Monk began the quest for the Orb.
     0 | D:1      | Reached XP level 1. HP: 14/14 MP: 2/2
    93 | D:1      | Reached XP level 2. HP: 17/19 MP: 3/3
    93 | D:1      | Identified a scroll of acquirement
    93 | D:1      | Acquired the +9 war axe "Rizoul" {holy, rN+ Will++}
   413 | D:1      | Reached XP level 3. HP: 23/23 MP: 4/4
   826 | D:2      | Reached skill level 4 in Axes
   945 | D:2      | Found a faded altar of an unknown god.
  1089 | D:2      | Found a runed translucent door.
  1090 | D:2      | Noticed Crazy Yiuf
  1366 | D:2      | Noticed Jessica
  1373 | D:2      | Killed Jessica
  1374 | D:2      | Reached XP level 4. HP: 23/28 MP: 5/5
  1891 | D:3      | Reached skill level 5 in Axes
  1891 | D:3      | Gained mutation: Your magical nature lets you fly swiftly
                  | and evasively. [Tengu growth]
  1891 | D:3      | Reached XP level 5. HP: 32/32 MP: 6/6
  1969 | D:3      | Found an ornate altar of the Wu Jian Council.
  2764 | D:4      | Reached XP level 6. HP: 27/38 MP: 7/7
  2777 | D:4      | Reached skill level 1 in Stealth
  2779 | D:4      | Reached skill level 6 in Axes
  3390 | D:4      | Noticed Ijyb
  3396 | D:4      | Noticed Sigmund
  3398 | D:4      | Killed Ijyb
  3404 | D:4      | Killed Sigmund
  3405 | D:4      | Reached skill level 7 in Axes
  3405 | D:4      | Reached XP level 7. HP: 44/44 MP: 8/8
  3842 | D:5      | Entered Level 5 of the Dungeon
  4205 | D:5      | Found a white marble altar of Elyvilon.
  4299 | D:5      | Noticed Edmund
  4311 | D:5      | Slain by Edmund

Illustrated notes

Levels and vault maps discovered:
D:1:      minmay_arrival_pointy, layout_loops_ring, minmay_gold_behind_fungi
D:2:      layout_basic, dreamdust_ecumenical_altar_drowned_temple,
          hangedman_decor_clover_reticule, fountainhead,
          uniq_crazy_yiuf_cottage, uniq_jessica
D:3:      layout_loops_ring, general_overflow_altar, serial_bayou_pond_d
D:4:      layout_basic, nicolae_eternal_life, uniq_ijyb, uniq_sigmund
D:5:      layout_layer_cave, mainiacjoe_overflow_small_starburst,
          elyvilon_altar_1, serial_demonic, serial_demonic_e, serial_demonic_b,
          serial_demonic_e, serial_demonic_a, serial_demonic_e,
          serial_demonic_e, serial_demonic_g, serial_demonic_a,
          serial_demonic_d, serial_demonic_g, uniq_edmund

Skill      XL: |  1  2  3  4  5  6  7 |
---------------+----------------------+-----
Axes           | 4 5 7 |  7.7
Dodging        | 4 |  4.6
Stealth        | 1 2 |  2.1
Fighting       | 4 |  4.8

Action                     |  1- 3 |  4- 6 |  7- 9 || total
---------------------------+-------+-------+-------++-------
  Melee: Hand axe          |    16 |       |       ||    16
         Peck              |     5 |     8 |     3 ||    16
         Kick              |     7 |    12 |     5 ||    24
         War axe           |    47 |    85 |    30 ||   162
         Punch             |       |     1 |     1 ||     2
    Use: Scroll            |     1 |       |       ||     1
   Stab: Sleeping          |       |     3 |       ||     3
 Armour: Robe              |     9 |    10 |     4 ||    23
  Dodge: Dodged            |    48 |    56 |    33 ||   137
